 Dungeon Crawl Stone Soup version 0.28-b1-70-g80dc712255 (webtiles) character file.

Game seed: 16245753966889739176

1010 cbfl8 the Skirmisher (level 8, -3/69 HPs)
             Began as a Minotaur Delver on Feb 4, 2022.
             Was a Believer of Uskayaw.
             Slain by an orc warrior (20 damage)
             ... on level 5 of the Dungeon.
             The game lasted 00:16:52 (6239 turns).

cbfl8 the Skirmisher (Minotaur Delver)              Turns: 6239, Time: 00:16:53

Health: -3/69      AC:  8    Str: 19    XL:     8   Next: 1%
Magic:  7/7        EV: 13    Int:  7    God:    Uskayaw [**....]
Gold:   198        SH:  0    Dex: 14    Spells: 7/7 levels left

rFire   . . .      SeeInvis .   m - +2 quarterstaff (chaos)
rCold   . . .      Faith    .   (shield currently unavailable)
rNeg    . . .      Spirit   .   C - +1 leather armour of Adududd {rElec Dex+2}
rPois   .          Reflect  .   (helmet restricted)
rElec   +          Harm     .   (no cloak)
rCorr   .          Rampage  .   l - +1 Delatra's gloves {ID++}
Will    .....                   f - +0 pair of boots
Stlth   +++.......              k - amulet of regeneration
HPRegen 1.01/turn               (no ring)
MPRegen 0.10/turn               (no ring)

@: no status effects
A: horns 2, retaliatory headbutt
a: Renounce Religion, Stomp, Line Pass


You were on level 5 of the Dungeon.
You worshipped Uskayaw.
Uskayaw was noncommittal.
You visited 2 branches of the dungeon, and saw 8 of its levels.

You collected 198 gold pieces.

Inventory:

Hand Weapons
 a - a +0 hand axe
 m - a +2 quarterstaff of chaos (weapon)
 y - a +2 dagger of speed
Armour
 b - a +0 leather armour
 d - a +1 ring mail of positive energy
 f - a +0 pair of boots (worn)
 l - the +1 Delatra's gloves (worn) {ID++}
   (You found it on level 3 of the Dungeon)

   It heals its wearer when they drink unknown potions.
   It restores its wearer's MP when they read unknown scrolls.
 v - a +2 helmet
 z - a +0 cloak
 C - the +1 leather armour of Adududd (worn) {rElec Dex+2}
   (You found it on level 4 of the Dungeon)

   Dex:       It affects your dexterity (+2).
   rElec:     It insulates you from electricity.
Magical Staves
 r - a staff of death
 u - a staff of fire
 x - a staff of earth
Jewellery
 k - an amulet of regeneration (around neck)
Wands
 g - a wand of digging (2)
 h - a wand of acid (8)
 F - a wand of paralysis (2)
 G - a wand of charming (9)
Scrolls
 c - a scroll of fog
 e - 4 scrolls of fear
 i - 2 scrolls of amnesia {unknown}
 o - 3 scrolls of noise {unknown}
 q - 3 scrolls of identify {unknown}
 s - 2 scrolls of teleportation {unknown}
 t - a scroll of silence {unknown}
 w - a scroll of holy word {unknown}
 A - a scroll of summoning {unknown}
 B - a scroll of torment {unknown}
 D - a scroll of enchant weapon {unknown}
 E - a scroll of blinking {unknown}
Potions
 n - a potion of mutation {unknown}
 p - a potion of magic


   Skills:
 + Level 5.6 Fighting
 + Level 3.3 Short Blades
 + Level 4.4 Axes
 + Level 3.2 Staves
 + Level 5.1 Armour
 + Level 3.7 Dodging
 + Level 5.3 Stealth


You had 7 spell levels left.
You didn't know any spells.
Your spell library contained the following spells:

 Spells                   Type           Power      Damage    Failure   Level
 Beastly Appendage        Tmut           0%         N/A       47%         1
 Wereblood                Tmut           0%         N/A       63%         2
 Spider Form              Tmut/Pois      0%         N/A       85%         3


Dungeon Overview and Level Annotations

Branches:
Dungeon (7/15)             Temple (1/1) D:4

Altars:
Ashenzari
Cheibriados
Dithmenos
Elyvilon
Fedhas
Gozag
Hepliaklqana
Kikubaaqudgha
Makhleb
Nemelex Xobeh
Okawaru
Qazlal
Ru
Sif Muna
Trog
Uskayaw
Vehumet
Wu Jian
Xom
Yredelemnul
Zin
The Shining One

Shops:
D:4 [


Innate Abilities, Weirdness & Mutations

You have a pair of horns on your head.
You reflexively headbutt those who attack you in melee.


Message History

You have reached level 8!
You feel agile.
You start resting.
HP restored.
You start waiting.
You feel a little less mighty now.
Things that are here:
a +0 club; an orc corpse
Things that are here:
a +0 falchion; a +0 leather armour
Things that are here:
a +0 club; an orc corpse
There is a stone staircase leading down, spattered with blood here.
You climb downwards.
The orc warrior hits you with a +0 morningstar!!
The orc warrior closely misses you.
There is a stone staircase leading up, spattered with blood here.
The orc warrior closely misses you.
You climb upwards.
There is a stone staircase leading down, spattered with blood here.
You completely miss the orc warrior. The orc warrior barely misses you.
You furiously retaliate!
You headbutt the orc warrior, but do no damage.
You hit the orc warrior. You headbutt the orc warrior!
The orc warrior is heavily wounded.
The orc warrior hits you with a +0 morningstar.
You closely miss the orc warrior.
The orc warrior is heavily wounded.
The orc warrior barely misses you. You furiously retaliate!
You headbutt the orc warrior. You hit the orc warrior.
The orc warrior flickers and vanishes!
Deactivating autopickup; reactivate with Ctrl-A.
Something hits you!
You can now pass through a line of other dancers.
You barely miss something. Something hits you but does no damage.
You barely miss something. Something hits you!
You hit something but do no damage. Something hits you! x2
* * * LOW HITPOINT WARNING * * *
You barely miss something. Something hits you!!
You die...

########...## #...............
#.#..# #..............# #.##.#
#............... #..#.#
#.........#.....
##.#.###..............# ########
#...............#...##
#......####...................##
#.....................(..####.##
#...........#.{@..........###.##
#......####.#.[)......###.......
######..<..............####.....#
....(..#####.#.>.......##........
.......# ###..............#......
.......###.....############...>..
..............## ###.......
.........###.## #.........
.........###.# ####...##....


There were no monsters in sight!

Vanquished Creatures
  A wyvern (D:5)
  2 ogres
  A centaur (D:5)
  A scorpion (D:6)
  2 wyvern zombies
  2 jellies (D:6)
  A centaur zombie (D:6)
  An orc priest (D:5)
  A hound (D:6)
  Crazy Yiuf (D:4)
  2 iguanas
  An orc wizard (D:3)
  5 adders
  A river rat (D:4)
  A shadow imp (D:6)
  An ufetubus (D:6)
  An adder skeleton (D:4)
  2 worms
  A dart slug (D:5)
  15 orcs
  3 ball pythons
  9 bats
  5 endoplasms
  2 giant cockroaches (D:4)
  5 goblins
  6 hobgoblins
  4 jackals (D:4)
  4 quokkas
  3 frilled lizards
  6 kobolds
  9 rats
99 creatures vanquished.

Vanquished Creatures (others)
  15 plants (D:1)
15 creatures vanquished.

Grand Total: 114 creatures vanquished

Notes
Turn   | Place    | Note
-------+----------+-------------------------------------------
     0 | D:5      | cbfl8 the Minotaur Delver began the quest for the Orb.
     0 | D:5      | Reached XP level 1. HP: 19/19 MP: 0/0
    72 | D:5      | Reached XP level 2. HP: 27/27 MP: 1/1
    85 | D:5      | Noticed an ogre
   233 | D:4      | Found Qewakuke's Armour Shop.
   278 | D:3      | Reached XP level 3. HP: 8/33 MP: 2/2
   798 | D:3      | Found the +1 Delatra's gloves {ID++}
   814 | D:3      | Reached skill level 1 in Armour
  1100 | D:2      | Reached XP level 4. HP: 40/40 MP: 3/3
  1674 | D:1      | Reached skill level 5 in Stealth
  2339 | D:2      | Found a faded altar of an unknown god.
  2752 | D:3      | Reached XP level 5. HP: 23/47 MP: 4/4
  2951 | D:4      | Found a staircase to the Ecumenical Temple.
  2964 | Temple   | Entered the Ecumenical Temple
  3508 | Temple   | Became a worshipper of Uskayaw the Reveller
  3629 | D:4      | Reached * piety under Uskayaw
  3724 | D:4      | Reached ** piety under Uskayaw
  3796 | D:4      | You fall into a shaft and drop 3 floors!
  3835 | D:6      | Reached *** piety under Uskayaw
  3836 | D:6      | Reached XP level 6. HP: 53/53 MP: 5/5
  3874 | D:6      | Reached skill level 1 in Short Blades
  4703 | D:4      | Identified the +1 leather armour of Adududd {rElec Dex+2}
  5117 | D:4      | Found a runed translucent door.
  5118 | D:4      | Noticed Crazy Yiuf
  5135 | D:4      | Killed Crazy Yiuf
  5231 | D:5      | Reached skill level 5 in Fighting
  5231 | D:5      | Reached XP level 7. HP: 37/61 MP: 6/6
  5237 | D:5      | Reached **** piety under Uskayaw
  5400 | D:5      | Reached skill level 1 in Staves
  5461 | D:5      | Noticed a wyvern
  5476 | D:5      | Killed a wyvern
  5658 | D:5      | Reached skill level 5 in Armour
  6021 | D:6      | Found a broken altar of Ashenzari.
  6155 | D:5      | Reached XP level 8. HP: 16/69 MP: 7/7
  6239 | D:5      | Slain by an orc warrior

Illustrated notes

Levels and vault maps discovered:
D:1:      amcnicky_arrival_blooded_trapdoor, layout_loops_corners,
          wad_woods_river_04
D:2:      layout_rooms, shapermc_ecumenical_altar_mp_highgroup
D:3:      layout_basic, chequers_serial_rivers_micro_e, minmay_misc_feat_chi,
          hex_tiny, minmay_misc_feat_columns, pf_guarded_unrand_delatra,
          uniq_robin
D:4:      minmay_door_path, layout_basic, minmay_temple_entry_junction_2,
          serial_shops, nicolae_square_shop, gup_sewer_entry_spiral,
          uniq_crazy_yiuf_cottage
D:5:      layout_rooms
D:6:      layout_gridville, evilmike_ruin_ashenzari
D:7:      layout_basic, nrook_campfire, nicolae_shop_sticking_my_neck_out,
          uniq_harold
Temple:   mainiacjoe_temple_circle_huts

Skill      XL: |  1  2  3  4  5  6  7 |
---------------+----------------------+-----
Fighting       | 4 5 |  5.6
Armour         | 1 2 3 4 5 |  5.1
Axes           | 3 4 |  4.4
Stealth        | 5 |  5.3
Short Blades   | 2 3 |  3.3
Dodging        | 3 |  3.7
Staves         | 3 |  3.2

Action                   |  1- 3 |  4- 6 |  7- 9 || total
-------------------------+-------+-------+-------++-------
Melee: Hand axe          |    49 |   117 |       ||   166
       Headbutt          |     9 |    53 |     7 ||    69
       Punch             |       |     5 |       ||     5
       Dagger            |       |   122 |       ||   122
       Quarterstaff      |       |     7 |    41 ||    48
Invok: Stomp             |       |     1 |       ||     1
Evoke: Wand              |       |     1 |       ||     1
  Use: Scroll            |     2 |     1 |       ||     3
       Potion            |     1 |     4 |     1 ||     6
 Stab: Sleeping          |     1 |     6 |     1 ||     8
       Distracted        |       |     1 |       ||     1
       Paralysed         |       |       |     1 ||     1
Armor: Leather armour    |     8 |     5 |    21 ||    34
       Ring mail         |    13 |    55 |       ||    68
Dodge: Dodged            |    34 |   118 |    33 ||   185
